 Dungeon Crawl Stone Soup version 0.26.1-2-gb8aa6d0cf2 (webtiles) character file.

Game seed: 2421295281698666642

39290 promet the Spear-Bearer (level 14, 0/118 HPs)
             Began as a Merfolk Fighter on Feb 8, 2021.
             Was a High Priest of Makhleb.
             Slain by a six-headed hydra (4 damage)
             ... on level 6 of the Lair of Beasts on Feb 10, 2021.
             The game lasted 02:58:04 (22023 turns).

promet the Spear-Bearer (Merfolk Fighter)          Turns: 22023, Time: 02:58:05

Health: 0/118      AC: 16    Str: 24    XL:     14   Next: 5%
Magic:  18/18      EV: 12    Int:  8    God:    Makhleb [*****.]
Gold:   643        SH: 19    Dex: 14    Spells: 13/13 levels left

rFire    . . .     SeeInvis .   a - +1 trident (vamp)
rCold    x x .     Faith    .   c - +1 kite shield
rNeg     . . .     Spirit   .   M - +0 chain mail "Kasu Yto" {+Blink +Inv rC- Will++}
rPois    +         Reflect  +   K - +1 hat
rElec    .         Harm     .   s - +2 cloak
rCorr    .         Rampage  .   I - +0 pair of gloves
Will     +++..     Clarity  +   (no boots) Stlth ..........Rnd*Tele +
                                D - amulet "Kunereq" {Reflect rC- Str+4 Slay+4 SH+5}
HPRegen  0.29/turn              X - ring of teleportation (curse)
MPRegen  0.16/turn              e - ring of poison resistance

@: no status effects
A: change form in water, swift swim, stealthy swim, clarity, poison resistance,
sturdy frame 1
a: Renounce Religion, Evoke Blink, Evoke Invisibility, Minor Destruction, Lesser
Servant of Makhleb, Major Destruction, Greater Servant of Makhleb


You were on level 6 of the Lair of Beasts.
You worshipped Makhleb.
Makhleb was extremely pleased with you.
You visited 3 branches of the dungeon, and saw 17 of its levels.
You also visited: Ossuary.

You collected 1427 gold pieces.
You spent 784 gold pieces at shops.

Inventory:

Hand Weapons
 a - a +1 vampiric trident (weapon)
 b - a +0 hand crossbow of freezing
 v - a +5 vorpal dire flail
 E - a +0 rapier
 F - a +0 broad axe
 G - a +5 long sword
 N - a +0 hunting sling
 U - a +0 demon blade
Missiles
 f - 504 stones
 g - 36 poisoned darts
 h - 152 sling bullets
 j - 14 boomerangs (quivered)
 p - 73 bolts
Armour
 c - a +1 kite shield (worn)
 l - +1 swamp dragon scales
 s - a +2 cloak (worn)
 x - a +2 chain mail
 I - a +0 pair of gloves (worn)
 K - a +1 hat (worn)
 M - the +0 chain mail "Kasu Yto" (worn) {+Blink +Inv rC- Will++}
   (You found it on level 6 of the Lair of Beasts)

   It makes you vulnerable to cold.
   It affects your willpower, your defense against some magical effects.
   It lets you turn invisible.
   It lets you blink.
Jewellery
 e - a ring of poison resistance (right hand)
 i - an uncursed ring of willpower
 m - an uncursed ring of ice
 q - an uncursed ring of protection from cold
 t - the ring "Jamieh" {Fire Dex+3 SInv Stlth+}
   (You found it on level 6 of the Dungeon)

   [ring of fire]

   It enhances your fire magic.
   It affects your dexterity (+3).
   It protects you from fire.
   It makes you vulnerable to cold.
   It lets you see invisible.
   It makes you more stealthy.
 D - the amulet "Kunereq" (around neck) {Reflect rC- Str+4 Slay+4 SH+5}
   (You acquired it on level 2 of the Lair of Beasts)

   [amulet of reflection]

   It shields you and reflects attacks.
   It affects your strength (+4).
   It affects your accuracy and damage with ranged weapons and melee attacks
   (+4).
   It makes you vulnerable to cold.
   It affects your SH (+5).
 O - the ring of Alyesta {rC+ Stlth-}
   (You found it on level 3 of the Lair of Beasts)

   [ring of attention]

   It protects you from cold.
   It makes you less stealthy.
 Q - the amulet "Meypris" {Spirit Str+3 Slay+3}
   (You found it on level 3 of the Lair of Beasts)

   [amulet of guardian spirit]

   It causes incoming damage to be split between your health and magic.
   It affects your strength (+3).
   It affects your accuracy and damage with ranged weapons and melee attacks
   (+3).
 W - an uncursed ring of wizardry
 X - a cursed ring of teleportation (left hand)
Wands
 u - a wand of flame (39)
 y - a wand of enslavement (2)
 z - a wand of iceblast (7)
 A - a wand of acid (15)
 L - a wand of disintegration (9)
 Y - a wand of random effects (29)
Scrolls
 k - 3 scrolls of fog
 n - 2 scrolls of teleportation
 o - 2 scrolls of remove curse
 r - 10 scrolls of identify
 B - a scroll of blinking
 C - 2 scrolls of magic mapping
 T - a scroll of holy word
Potions
 d - a potion of might
 R - a potion of haste
 S - a potion of flight
 V - a potion of brilliance
Miscellaneous
 H - a lightning rod (1/4)
 J - a phial of floods
 P - a phantom mirror


   Skills:
 * Level 13.5 Fighting
 + Level 1.0 Short Blades
 + Level 2.7(6.4) Axes
 + Level 14.7(15.0) Polearms
 + Level 0.7(2.8) Slings
 + Level 2.4 Crossbows
 + Level 5.2(5.3) Throwing
 + Level 6.8 Armour
 + Level 7.2 Dodging
 + Level 3.0 Stealth
 + Level 10.9 Shields
 * Level 6.4 Invocations
 + Level 1.4 Evocations


You had 13 spell levels left.
You didn't know any spells.
Your spell library contained the following spells:

 Spells                   Type           Power        Failure   Level
 Beastly Appendage        Tmut           0%           96%         1
 Wereblood                Tmut           0%           99%         2
 Spider Form              Tmut/Pois      0%           100%        3
 Ice Form                 Ice/Tmut       0%           100%        4
 Blade Hands              Tmut           0%           100%        5


Dungeon Overview and Level Annotations

Branches:
Dungeon (10/15)            Temple (1/1) D:5            Lair (6/6) D:8
 Shoals (0/4) Lair:4        Snake (0/4) Lair:4        Slime (0/5) Lair:5
    Orc (0/2) D:9         Ossuary (visited)

Altars:
Cheibriados
Dithmenos
Fedhas
Gozag
Kikubaaqudgha
Makhleb
Okawaru
Ru
Sif Muna
Trog
Vehumet
Wu Jian
Xom
Yredelemnul
Zin
The Shining One
Jiyva

Shops:
D:7 ?   D:8 [==[:   D:9 (

Annotations:
D:4 3 runed translucent doors, promet's ghost, novice MfFi


Innate Abilities, Weirdness & Mutations

You revert to your normal form in water.
You are very nimble and swift while swimming.
You are very stealthy in the water. (Stealth+)
You possess an exceptional clarity of mind.
Your system is resistant to poisons. (rPois)
Your movements are slightly less encumbered by armour. (ER -2)


Message History

* * * LOW HITPOINT WARNING * * *
The six-headed hydra closely misses you.
The six-headed hydra bites you but does no damage.
The cane toad stings you!
* * * LOW HITPOINT WARNING * * *
The blink frog blinks! x2; You block the komodo dragon's attack.
You block the six-headed hydra's attack. x3
The six-headed hydra bites you!
* * * LOW HITPOINT WARNING * * *
The six-headed hydra closely misses you.
The six-headed hydra bites you but does no damage.
The blink frog blinks!
The blink frog hits you.
* * * LOW HITPOINT WARNING * * *
The blink frog blinks!
You block the cane toad's attack.
You see here a cane toad corpse.
You block the blink frog's attack.
The six-headed hydra bites you but does no damage.
You block the six-headed hydra's attack. x2
The six-headed hydra bites you.
You die...

....... ....
....... ... .
........) ......
......... .....#
≈.......##.#...#
♣...F...#......#
♣♣......#......#
♣≈.....F@#.....#
♣♣.....DYF......
≈≈....l.F#.....#
≈♣;.....#.F....#
♣≈P.F...§...#..
≈≈≈;..(.........
≈♣≈....♣.....P..
P≈≈...≈ ≈≈≈.≈≈♣.
≈≈♣≈..≈ ≈≈≈≈.≈≈.


You could see a six-headed hydra, an elephant, a komodo dragon, a cane toad, 5
blink frogs and 2 electric eels.

Vanquished Creatures
  4 hydras
  A boulder beetle (Lair:5)
  A catoblepas (Lair:3)
  5 death yaks
  A lindwurm (Lair:1)
  Pikel (D:5)
  14 elephants
  5 black mambas
  Joseph (Lair:1)
  A torpor snail (Lair:5)
  15 cane toads
  Maggie (Lair:1)
  8 komodo dragons
  A rime drake (Lair:5)
  3 polar bears
  3 trolls (D:9)
  3 dream sheep (Lair:5)
  15 blink frogs
  11 yaks
  Eustachio (D:5)
  6 wyverns
  4 basilisks
  A steam dragon (D:7)
  Menkaure (D:5)
  Edmund (D:6)
  15 water moccasins
  4 sky beasts
  5 ogres
  A black bear (Lair:2)
  2 orc warriors
  2 phantoms
  19 wolves
  11 centaurs
  2 lemures (D:5)
  10 bullfrogs
  A wyvern zombie (D:10)
  A gnoll sergeant (D:6)
  A wyvern skeleton (D:6)
  2 scorpions
  5 killer bees (D:8)
  5 wights (D:9)
  2 howler monkeys (D:7)
  A bullfrog zombie (D:6)
  A quasit (D:7)
  4 centaur zombies
  3 hounds
  3 human zombies (Ossuary)
  A bullfrog skeleton (D:8)
  A jelly (D:9)
  3 orc priests
  2 iguanas
  7 orc wizards
  11 worker ants
  A killer bee zombie (D:8)
  3 hound zombies
  3 mummies (Ossuary)
  19 adders
  8 gnolls
  2 shadow imps
  An ooze (D:3)
  3 adder skeletons
  5 adder zombies
  2 worms (D:2)
  2 dart slugs
  4 leopard geckos
  30 orcs
  3 giant cockroaches
  6 hobgoblins
  16 jackals
  2 quokkas
  2 ball pythons
  8 bats
  10 frilled lizards
  A gnoll zombie (Ossuary)
  12 goblins
  3 goblin zombies (Ossuary)
  6 hobgoblin zombies (Ossuary)
  A jackal zombie (D:5)
  7 kobolds
  6 kobold zombies (Ossuary)
  A leopard gecko zombie (D:6)
  3 quokka skeletons
  5 quokka zombies
  10 rats
  3 rat zombies (Ossuary)
421 creatures vanquished.

Vanquished Creatures (collateral kills)
  A hydra (Lair:4)
  2 elephants (Lair:4)
  A cane toad (Lair:3)
  A rime drake (Lair:4)
  A yak (Lair:4)
  A wyvern (Lair:4)
  A water moccasin (Lair:1)
  A wolf (Lair:3)
  2 bullfrogs
11 creatures vanquished.

Vanquished Creatures (others)
  26 fungi
  104 plants
130 creatures vanquished.

Grand Total: 562 creatures vanquished

Notes
Turn   | Place    | Note
-------+----------+-------------------------------------------
     0 | D:1      | promet the Merfolk Fighter began the quest for the Orb.
     0 | D:1      | Reached XP level 1. HP: 18/18 MP: 1/1
    42 | D:1      | Reached XP level 2. HP: 19/24 MP: 2/2
   248 | D:1      | Gained mutation: You are frail. (-10% HP) [potion of
                  | mutation]
   248 | D:1      | Gained mutation: You are somewhat resistant to further
                  | mutation. [potion of mutation]
   484 | D:1      | Found a sacrificial altar of Ru.
   497 | D:1      | Found a radiant altar of Vehumet.
   497 | D:1      | Found a shimmering altar of Xom.
   499 | D:1      | Found a shadowy altar of Dithmenos.
   499 | D:1      | Found a hazy altar of Hepliaklqana.
   499 | D:1      | Found a radiant altar of Vehumet.
   734 | D:1      | Reached XP level 3. HP: 25/27 MP: 3/3
   846 | D:2      | Reached skill level 1 in Dodging
   853 | D:2      | Found a blossoming altar of Fedhas.
  1143 | D:2      | Reached skill level 4 in Polearms
  1143 | D:2      | Reached XP level 4. HP: 19/33 MP: 4/4
  2074 | D:3      | Reached XP level 5. HP: 36/37 MP: 5/5
  2613 | D:3      | Noticed a centaur
  2621 | D:3      | Killed a centaur
  2622 | D:3      | Reached skill level 5 in Polearms
  2622 | D:3      | Reached XP level 6. HP: 39/43 MP: 6/6
  2928 | D:4      | Found a runed translucent gate.
  2928 | D:4      | Found a runed translucent gate.
  2928 | D:4      | Found a runed translucent gate.
  3038 | D:4      | Noticed promet's ghost (novice MfFi)
  3342 | D:4      | Noticed a phantom
  3353 | D:5      | Entered Level 5 of the Dungeon
  3632 | D:5      | Killed a phantom
  3879 | D:4      | Reached XP level 7. HP: 49/49 MP: 7/7
  4312 | D:4      | Reached skill level 5 in Fighting
  4312 | D:4      | Reached skill level 1 in Throwing
  4643 | D:5      | Found a staircase to the Ecumenical Temple.
  4647 | D:5      | Noticed Eustachio
  4667 | D:5      | Killed Eustachio
  4668 | D:5      | Reached skill level 6 in Polearms
  4684 | D:5      | Noticed Pikel
  4727 | D:5      | Killed Pikel
  4728 | D:5      | Reached skill level 7 in Polearms
  4728 | D:5      | Reached skill level 5 in Shields
  4728 | D:5      | Reached XP level 8. HP: 44/57 MP: 8/8
  4980 | Temple   | Entered the Ecumenical Temple
  5020 | Temple   | Became a worshipper of Makhleb the Destroyer
  5261 | D:5      | Found a sacrificial altar of Ru.
  5433 | D:5      | Noticed Menkaure
  5443 | D:5      | Killed Menkaure
  5834 | D:6      | Found an ornate altar of the Wu Jian Council.
  6158 | D:6      | Reached skill level 8 in Polearms
  6384 | D:6      | Got an ancient steel ring
  6386 | D:6      | Identified the ring "Jamieh" {Fire Dex+3 SInv Stlth+} (You
                  | found it on level 6 of the Dungeon)
  6519 | D:5      | Reached XP level 9. HP: 32/63 MP: 9/9
  6833 | D:6      | Reached skill level 1 in Stealth
  6842 | D:6      | Found a blossoming altar of Fedhas.
  7759 | D:6      | Found a shadowy altar of Dithmenos.
  7766 | D:6      | Found an opulent altar of Gozag.
  7780 | D:6      | Found a glowing silver altar of Zin.
  7793 | D:6      | Noticed Edmund
  7802 | D:6      | Killed Edmund
  7901 | D:6      | Reached skill level 9 in Polearms
  8101 | D:7      | Reached * piety under Makhleb
  8277 | D:7      | Found a sand-covered staircase.
  8295 | Ossuary  | Entered an ossuary
  8516 | Ossuary  | Reached ** piety under Makhleb
  9226 | D:7      | Found Irumy's Magic Scroll Shoppe.
  9229 | D:7      | Bought a scroll of enchant weapon for 112 gold pieces
  9229 | D:7      | Bought a scroll of brand weapon for 300 gold pieces
  9229 | D:7      | Bought a scroll of enchant armour for 112 gold pieces
  9670 | D:8      | Found Jaarow's Jewellery Boutique.
  9676 | D:8      | Found Penk's Antique Armour Boutique.
  9874 | D:8      | Reached skill level 5 in Armour
  9938 | D:8      | Reached skill level 10 in Polearms
  9958 | D:8      | Reached XP level 10. HP: 72/72 MP: 10/10
 10019 | D:8      | Found a staircase to the Lair.
 10063 | D:8      | Found Xisoim's Antique Armour Shop.
 10122 | D:8      | Reached *** piety under Makhleb
 10141 | D:8      | Found Ugu Leiq's Jewellery Shoppe.
 10316 | D:8      | Found Puudwoak's Book Shoppe.
 10445 | D:8      | Reached skill level 11 in Polearms
 11071 | D:9      | Found Facelunenk's Antique Weapon Shoppe.
 11798 | D:9      | Reached skill level 5 in Throwing
 11803 | D:9      | Reached **** piety under Makhleb
 11948 | D:9      | Found a staircase to the Orcish Mines.
 12237 | D:10     | Entered Level 10 of the Dungeon
 12579 | D:10     | Reached skill level 12 in Polearms
 13051 | D:8      | Bought an uncursed ring of poison resistance for 260 gold
                  | pieces
 13098 | Lair:1   | Entered Level 1 of the Lair of Beasts
 13098 | Lair:1   | Noticed a cane toad
 13111 | D:8      | Killed a cane toad
 13112 | D:8      | Reached XP level 11. HP: 72/81 MP: 11/11
 13290 | Lair:1   | Reached skill level 10 in Fighting
 13290 | Lair:1   | Reached skill level 1 in Invocations
 13376 | Lair:1   | Noticed Joseph
 13416 | Lair:1   | Killed Joseph
 13599 | Lair:1   | Noticed Maggie
 13627 | Lair:1   | Killed Maggie
 14005 | Lair:1   | Noticed a four-headed hydra
 14019 | Lair:1   | HP: 4/82 [four-headed hydra (12)]
 14028 | Lair:1   | Killed a four-headed hydra
 14029 | Lair:1   | Reached skill level 13 in Polearms
 14706 | Lair:1   | Noticed a lindwurm
 14728 | Lair:1   | Killed a lindwurm
 15053 | Lair:2   | Identified a scroll of acquirement
 15053 | Lair:2   | Acquired the amulet "Kunereq" {Reflect rC- Str+4 Slay+4
                  | SH+5}
 15398 | Lair:2   | Reached XP level 12. HP: 69/89 MP: 14/14
 16012 | Lair:3   | Noticed a catoblepas
 16290 | Lair:3   | Reached skill level 5 in Invocations
 16421 | Lair:3   | Reached skill level 5 in Dodging
 16687 | Lair:3   | Reached skill level 1 in Axes
 16752 | Lair:3   | Killed a catoblepas
 16793 | Lair:3   | Reached skill level 14 in Polearms
 16817 | Lair:3   | Got a scorched iron ring
 16856 | Lair:3   | Noticed a four-headed hydra
 16863 | Lair:3   | Killed a four-headed hydra
 16877 | Lair:3   | Got a brightly glowing ruby amulet
 16888 | Lair:3   | Identified the amulet "Meypris" {Spirit Str+3 Slay+3} (You
                  | found it on level 3 of the Lair of Beasts)
 16912 | Lair:3   | Identified the ring of Alyesta {rC+ Stlth-} (You found it
                  | on level 3 of the Lair of Beasts)
 17599 | Lair:3   | Reached skill level 1 in Evocations
 18054 | Lair:4   | Reached skill level 1 in Crossbows
 18117 | Lair:4   | Reached XP level 13. HP: 97/97 MP: 16/16
 18392 | Lair:4   | Reached skill level 10 in Shields
 18422 | Lair:4   | Reached ***** piety under Makhleb
 18680 | Lair:4   | Found a staircase to the Shoals.
 18794 | Lair:4   | Found a staircase to the Snake Pit.
 18927 | Lair:4   | Lost mutation: You are frail. (-10% HP) [potion of
                  | mutation]
 18927 | Lair:4   | Lost mutation: You are somewhat resistant to further
                  | mutation. [potion of mutation]
 18927 | Lair:4   | Gained mutation: Your body sometimes deteriorates upon
                  | taking damage. [potion of mutation]
 18927 | Lair:4   | Gained mutation: You tend to lose your temper in combat.
                  | [potion of mutation]
 18927 | Lair:4   | Gained mutation: Your movements are slightly less
                  | encumbered by armour. (ER -2) [potion of mutation]
 18927 | Lair:4   | Gained mutation: You expend magic power (3 MP) to
                  | strengthen your wands. [potion of mutation]
 19787 | Lair:5   | Found a viscous altar of Jiyva.
 19787 | Lair:5   | Found a staircase to the Slime Pits.
 19802 | Lair:5   | Found a gate leading to a gauntlet.
 19895 | Lair:4   | Reached skill level 1 in Short Blades
 20231 | Lair:5   | Lost mutation: Your body sometimes deteriorates upon taking
                  | damage. [potion of mutation]
 20231 | Lair:5   | Lost mutation: You expend magic power (3 MP) to strengthen
                  | your wands. [potion of mutation]
 20231 | Lair:5   | Lost mutation: You tend to lose your temper in combat.
                  | [potion of mutation]
 20231 | Lair:5   | Gained mutation: Your system is resistant to poisons.
                  | (rPois) [potion of mutation]
 20231 | Lair:5   | Gained mutation: You possess an exceptional clarity of
                  | mind. [potion of mutation]
 21071 | Lair:6   | Entered Level 6 of the Lair of Beasts
 21395 | Lair:6   | Identified the cursed +0 chain mail "Kasu Yto" {+Blink +Inv
                  | rC- Will++} (You found it on level 6 of the Lair of Beasts)
 21737 | Lair:5   | Reached XP level 14. HP: 118/118 MP: 18/18
 22022 | Lair:6   | HP: 4/118 [blink frog (4)]
 22023 | Lair:6   | Slain by a six-headed hydra

Illustrated notes

Levels and vault maps discovered:
D:1:      ncdulo_watergridlock, layout_rooms, doesnt_xom_only_xom
D:2:      layout_loops_ring, fedhas_ov_isle_minmay
D:3:      layout_rooms, minmay_liquid_box, minmay_quantized
D:4:      layout_gridville, gammafunk_ghost_necromancy
D:5:      layout_cave_pods, minmay_temple_entry_slanted, serial_park,
          serial_park_square2, serial_park_tiny_2, nicolae_ru_awakened_eye,
          uniq_eustachio, uniq_pikel, uniq_menkaure
D:6:      layout_rooms, nicolae_overflow_hidden_temple, kennysheep_diamond,
          kennysheep_generic_room_4, uniq_edmund
D:7:      layout_loops_ring, lightli_ossuary_entry_decrepit_ruins, serial_shops,
          nicolae_shop_behind_doors
D:8:      layout_basic, lair_entry_dummy, serial_shops,
          nicolae_shop_behind_doors, kennysheep_mini, shop,
          nicolae_shop_crystal, nicolae_shop_temple_entry_statues_fountains
D:9:      layout_irregular_city, hiddenorc1_lemuel, serial_shops,
          nicolae_shop_behind_doors
D:10:     layout_basic
Temple:   regret_index_temple_mists
Lair:1:   layout_roguey, minmay_shattered_shrine, uniq_joseph, uniq_maggie
Lair:2:   layout_misc_corridors, grunt_megastairs_1
Lair:3:   layout_big_grid, minivault_24, serial_bayou_ford_a
Lair:4:   layout_regular_city, minmay_shoals_entry_centaurs,
          minmay_snake_entry_six_corridors
Lair:5:   layout_cellular_growth, slime_altar_1, gauntlet_entry_generic
Lair:6:   hangedman_lair_in_review, layout_long_grid, serial_bayou,
          serial_bayou_crossing, serial_bayou_pond_d, serial_bayou_lake_a,
          serial_bayou_pond_b, serial_bayou_pond_e, serial_bayou_pond_b,
          bobbens_dragon_lair_wall, serial_bayou_shore_b

Skill      XL: |  1  2  3  4  5  6  7  8  9 10 11 12 13 |
---------------+----------------------------------------+-----
Dodging        | 1 2 3 4 5 7 |  7.2
Polearms       | 4 5 7 8 10 12 13 14 | 14.7
Fighting       | 4 5 6 7 9 10 12 13 | 13.5
Shields        | 4 5 6 7 8 9 10 | 10.9
Armour         | 3 4 5 6 |  6.8
Throwing       | 3 4 5 |  5.2
Stealth        | 1 2 3 |  3.0
Invocations    | 3 5 6 |  6.4
Axes           | 2 |  2.7
Evocations     | 1 |  1.4
Crossbows      | 1 2 |  2.4
Short Blades   | 1 |  1.0
Slings         | |  0.7

Action                   |  1- 3 |  4- 6 |  7- 9 | 10-12 | 13-15 || total
-------------------------+-------+-------+-------+-------+-------++-------
Melee: Trident           |   101 |   225 |   468 |   953 |   432 ||  2179
       Tailslap          |       |     1 |       |     7 |     2 ||    10
       Long sword        |       |       |       |     4 |       ||     4
       Rapier            |       |       |       |     1 |     1 ||     2
       War axe           |       |       |       |    17 |       ||    17
       Broad axe         |       |       |       |     7 |    11 ||    18
 Fire: Hunting sling     |       |    18 |       |       |       ||    18
       Hand crossbow     |       |       |       |    20 |    40 ||    60
Throw: Dart              |     6 |     1 |    48 |       |       ||    55
       Boomerang         |       |    13 |    31 |    34 |     8 ||    86
Invok: Minor Destruction |       |       |       |    20 |     9 ||    29
       Lesser Servant of |       |       |       |     3 |     4 ||     7
Evoke: Wand              |       |       |     4 |     7 |     3 ||    14
       Phial of floods   |       |       |       |     1 |       ||     1
       Lightning rod     |       |       |       |       |     5 ||     5
  Use: Potion            |     2 |     5 |     8 |     6 |     5 ||    26
       Scroll            |     2 |     5 |     9 |    13 |     6 ||    35
 Stab: Sleeping          |       |       |       |     2 |       ||     2
       Distracted        |       |       |       |     4 |       ||     4
Armor: Scale mail        |    48 |    63 |    54 |       |       ||   165
       Chain mail        |       |       |    38 |   156 |    32 ||   226
       Swamp dragon scal |       |       |       |   128 |    77 ||   205
Dodge: Dodged            |    30 |    57 |    90 |   240 |   138 ||   555
Block: Kite shield       |    45 |    95 |   174 |   548 |   349 ||  1211
       Reflection        |       |       |       |       |    15 ||    15
